 Dungeon Crawl Stone Soup version 0.21.0-3-g78d12a8 (webtiles) character file.

518 Inarius the Chiller (level 7, 55/55 HPs)
             Began as a Red Draconian Ice Elementalist on Jan 10, 2018.
             Got out of the dungeon alive.
             The game lasted 00:11:42 (4448 turns).

Inarius the Chiller (DrIE)                          Turns: 4448, Time: 00:11:44

Health: 55/55      AC:  7    Str: 11    XL:     7   Next: 1%
Magic:  12/12      EV: 12    Int: 17    God:
Gold:   104        SH:  5    Dex: 11    Spells: 1/13 levels left

rFire    + . .     SeeInvis .   r - +3 dagger (flame)
rCold    . . .     Gourm    .   (no shield)
rNeg     . . .     Faith    .   (armour unavailable)
rPois    .         Spirit   .   (helmet restricted)
rElec    .         Reflect  +   (no cloak)
rCorr    .         Harm     .   (no gloves)
MR       .....                  o - +0 pair of boots
Stlth    ++........             t - +5 amulet of reflection
HPRegen  0.18/turn              i - ring of wizardry
MPRegen  0.13/turn              (no ring)

@: no status effects
A: breathe fire, unfitting armour, fire resistance 1, cold-blooded, AC +6
a: Breathe Fire


You escaped.
You were hungry.

You visited 1 branch of the dungeon, and saw 4 of its levels.

You collected 273 gold pieces.
You spent 169 gold pieces at shops.

Inventory:

Hand Weapons
 r - a +3 dagger of flaming (weapon)
 u - a +0 war axe of electrocution
Armour
 o - a +0 pair of boots (worn)
 v - a +0 shield
Jewellery
 i - a ring of wizardry (left hand)
 t - a +5 amulet of reflection (around neck)
Wands
 n - a wand of enslavement (12)
Scrolls
 a - a scroll of enchant armour {unknown}
 d - 2 scrolls of teleportation
 e - a scroll of amnesia {unknown}
 g - 2 scrolls of identify
 h - a scroll of remove curse
 j - a scroll of noise {unknown}
 l - a scroll of fear {unknown}
 s - a scroll of fog {unknown}
Potions
 c - 3 potions of curing
 f - 3 potions of might
 m - 3 potions of heal wounds
Comestibles
 b - 7 rations
 k - a chunk of flesh


   Skills:
 + Level 2.0 Fighting
 + Level 2.5 Dodging
 - Level 1.7 Stealth
 + Level 0.2 Unarmed Combat
 + Level 3.7 Spellcasting
 * Level 2.2 Conjurations
 + Level 1.3 Charms
 * Level 4.7 Ice Magic


You had one spell level left.
You knew the following spells:

 Your Spells              Type           Power        Failure   Level  Hunger
a - Freeze                Ice            ###.         1%          1    None
b - Ozocubu's Armour      Chrm/Ice       ##......     6%          3    ###....
c - Throw Icicle          Conj/Ice       ###.....     16%         4    ####...
d - Summon Ice Beast      Ice/Summ       ##......     24%         4    ####...


Dungeon Overview and Level Annotations

Branches:
Dungeon (4/15)
 Temple: D:4-7

Altars:
Wu Jian

Shops:
D:4 !(}


Innate Abilities, Weirdness & Mutations

You can breathe blasts of fire.
Your fiery red scales are hard. (AC +6)
You cannot fit into any form of body armour.
Your flesh is heat resistant. (rF+)
You are cold-blooded and may be slowed by cold attacks.


Message History

Magic restored.
There is a stone staircase leading up here.
You climb upwards.
There is a stone staircase leading down here.
There is a stone staircase leading up, spattered with blood here.
You climb upwards.
There is a stone staircase leading down here.
You see here a club.
There is an open door here.
There is an open door here.
You are feeling hungry.
There is an open door here.
You see here a short sword.
There is an open door here.
There is a staircase leading out of the dungeon here.
You can't go down here!
Are you sure you want to leave the Dungeon?
This will make you lose the game!
Alright, then stay!
Are you sure you want to leave the Dungeon?
This will make you lose the game!
You have escaped!

.....# #.#
#..........#.
.....# #.#
######....(.....#.
#....# #.#
#.................
#....####.###
#.####.#########..
#.......#.).# #.#
#.# #..
#######.#.#.# #.#
#.# #..
#..#.#'####'####+#
#..
#..#.#...........#
#.>
#..#.######@######
### #..#....# ###
#.......#
#.##....#
#.......#
#####...#
##########...#
.........#...#
########.###.#


There were no monsters in sight!

Vanquished Creatures
  A crimson imp (D:3)
  An orc priest (D:3)
  A bullfrog skeleton (D:4)
  6 orc wizards
  Jessica (D:3)
  Terence (D:2)
  2 worker ants (D:4)
  5 adders
  2 oozes
  2 worms (D:2)
  4 dart slugs
  3 leopard geckos
  16 orcs
  A giant cockroach (D:2)
  5 goblins
  7 hobgoblins
  9 jackals
  5 kobolds
  2 quokkas (D:2)
  6 bats
  7 frilled lizards
  8 rats
95 creatures vanquished.

Notes
Turn   | Place    | Note
-------+----------+-------------------------------------------
     0 | D:1      | Inarius the Draconian Ice Elementalist began the quest for the Orb.
     0 | D:1      | Reached XP level 1. HP: 14/14 MP: 3/3
   137 | D:1      | Reached XP level 2. HP: 20/20 MP: 0/5
   666 | D:1      | Reached XP level 3. HP: 23/26 MP: 3/6
  1033 | D:2      | Reached skill level 4 in Ice Magic
  1273 | D:2      | Noticed Terence
  1292 | D:2      | Reached XP level 4. HP: 27/33 MP: 1/7
  1367 | D:2      | Learned a level 3 spell: Ozocubu's Armour
  1372 | D:2      | Learned a level 4 spell: Throw Icicle
  1388 | D:2      | Killed Terence
  1973 | D:2      | Found an ornate altar of the Wu Jian Council.
  2154 | D:2      | Reached XP level 5. HP: 13/39 MP: 1/9
  2394 | D:3      | Reached skill level 1 in Fighting
  2576 | D:3      | Noticed Jessica
  2586 | D:3      | Killed Jessica
  2586 | D:3      | Reached skill level 1 in Charms
  2586 | D:3      | Reached skill level 5 in Ice Magic
  2698 | D:3      | Reached XP level 6. HP: 43/47 MP: 5/10
  3342 | D:4      | Found Untitaicw's Distillery.
  3464 | D:4      | Bought a potion of curing for 39 gold pieces
  3464 | D:4      | Bought a potion of heal wounds for 65 gold pieces
  3464 | D:4      | Bought a potion of heal wounds for 65 gold pieces
  3467 | D:4      | Found Yfewk's Gadget Shoppe.
  3642 | D:4      | Found Onuocoov's Antique Weapon Shoppe.
  4102 | D:4      | Learned a level 4 spell: Summon Ice Beast
  4361 | D:4      | Your scales start taking on a fiery red colour.
  4361 | D:4      | Reduced skill Ice Magic to level 4
  4361 | D:4      | Reached XP level 7. HP: 53/55 MP: 9/12
  4361 | D:4      | Gained mutation: Your flesh is heat resistant. (rF+) [Red Draconian growth]
  4448 | D:$      | Got out of the dungeon alive.

Skill      XL: |  1  2  3  4  5  6 |
---------------+-------------------+-----
Ice Magic      | 4 5 4 |  4.7
Dodging        | 2 |  2.5
Spellcasting   | 3 |  3.7
Fighting       | 1 2 |  2.0
Charms         | 1 |  1.3
Conjurations   | 2 |  2.2
Stealth        | |  1.7
Unarmed Combat | |  0.2

Action                   |  1- 3 |  4- 6 |  7- 9 || total
-------------------------+-------+-------+-------++-------
Melee: Unarmed           |    21 |       |       ||    21
       Tailslap          |     7 |    12 |       ||    19
       Dagger            |    23 |   155 |       ||   178
 Cast: Freeze            |    47 |    49 |     1 ||    97
       Ozocubu's Armour  |       |     6 |       ||     6
  Use: Potion            |       |     3 |       ||     3
       Scroll            |       |     4 |       ||     4
 Stab: Sleeping          |       |     3 |       ||     3
  Eat: Chunk             |     2 |    10 |       ||    12
Armor: Skin              |    25 |    71 |       ||    96
Dodge: Dodged            |    48 |    98 |       ||   146
Block: Other             |       |     4 |       ||     4
